 Dungeon Crawl Stone Soup version 0.17-a0-2158-g6d76252 (webtiles) character file.

311 Adamkad1 the Skirmisher (level 6, 0/57 HPs)
             Began as a Naga Fighter on Oct 25, 2015.
             Slain by a phantom (5 damage)
             ... on level 4 of the Dungeon.
             The game lasted 00:08:47 (2921 turns).

Adamkad1 the Skirmisher (Naga Fighter)              Turns: 2921, Time: 00:08:47

Health: 0/57       AC: 11    Str: 20    XL:     6   Next: 42%
Magic:  6/6        EV:  6    Int:  8    God:
Gold:   152        SH:  9    Dex: 11    Spells: 0 memorised, 5 levels left

rFire  . . .     SeeInvis +     a - +1 war axe
rCold  . . .     Clarity  .     b - +0 scale mail
rNeg   . . .     SustAt   +     c - +0 shield
rPois  +         Gourm    .     k - +1 helmet
rElec  .         Spirit   .     p - +2 cloak {MR+}
rCorr  .         Warding  .     (no gloves)
rMut   .         Stasis   .     (no barding)
MR     +....                    i - amulet of faith
Stlth  ..........               (no ring)
                                f - ring of sustain attributes

@: very slow, somewhat resistant to hostile enchantments, extremely unstealthy
A: see invisible, deformed body, poison resistance, slowness 2, slow metabolism
1, spit poison 2, AC +2
a: Spit Poison


You were on level 4 of the Dungeon.
You were not hungry.

You visited 1 branch of the dungeon, and saw 4 of its levels.

You collected 152 gold pieces.

Inventory:

Hand Weapons
 a - a +1 war axe (weapon)
Armour
 b - a +0 scale mail (worn)
 c - a +0 shield (worn)
 k - a +1 helmet (worn)
 p - a +2 cloak of magic resistance (worn)
Jewellery
 f - a ring of sustain attributes (left hand)
 i - an amulet of faith (around neck)
 z - an uncursed amulet of rage {unknown}
Wands
 r - a wand of confusion (21)
Scrolls
 g - 4 scrolls of identify
 m - a scroll of random uselessness {unknown}
 q - a scroll of amnesia
 s - 2 scrolls of teleportation {unknown}
 t - 2 scrolls of enchant weapon
 u - a scroll of magic mapping
Potions
 d - a potion of might
 o - a potion of lignification
 w - a potion of magic
Comestibles
 e - 2 bread rations
 h - 2 beef jerkies
 j - 2 meat rations


   Skills:
 + Level 4.2 Fighting
 + Level 3.6 Axes
 + Level 3.5 Armour
 + Level 1.1 Dodging
 + Level 3.2 Shields


You had 5 spell levels left.
You didn't know any spells.

Dungeon Overview and Level Annotations

Branches:
Dungeon (4/15)
 Temple: D:4-7

Altars:

Shops:
D:4 :


Innate Abilities, Weirdness & Mutations

You cannot wear boots.
Your serpentine skin is tough (AC +2).
You have supernaturally acute eyesight.
Armour fits poorly on your strangely shaped body.
Your system is resistant to poisons.
You cover ground very slowly.
You have a slow metabolism.
You can spit poison.


Message History

You block the worker ant's attack.
Drink which item? (? for menu, Esc to quit)
It was a potion of flight.
Your roots keep you in place.
You feel less woody.
Your +2 cloak of magic resistance unmelds from your body.
Your +1 helmet unmelds from your body.
Your +0 scale mail unmelds from your body.
You feel resistant to hostile enchantments.
You block the worker ant's attack.
The phantom hits you but does no damage.
Unknown command.
You slash the phantom!
The phantom is almost destroyed.
You hit the worker ant.
The worker ant is lightly wounded.
You block the worker ant's attack.
The phantom hits you but does no damage.
The worker ant bites you but does no damage.
The phantom hits you.
You die...

.....###..######.##.#..
#........######.#..#..
###.##........#.#..#.. .
#.##......#.#.#.##..
..####..#......#.#.#<.#..
........#......#.#.####..
...........[...#.#......#
....../..#.....#.########
.......a@W.#####ยง#
.....####..#####'#####
..$. ##..##........# .
#....#........#
#$...#........#
#..>.#........#
#....####.....# ###....#
#.....# ......W####.....#


You could see a phantom and a worker ant.

Vanquished Creatures
  Crazy Yiuf (D:2)
  A hound (D:3)
  2 orc wizards (D:4)
  2 worker ants (D:4)
  4 gnolls (D:2)
  3 adders (D:2)
  2 adder skeletons (D:4)
  3 worms (D:2)
  3 giant geckos
  3 orcs
  3 giant cockroaches
  3 goblins
  11 hobgoblins
  6 jackals
  7 kobolds
  8 bats
  A giant gecko skeleton (D:4)
  2 giant newts
  7 rats
72 creatures vanquished.

Notes
Turn   | Place    | Note
--------------------------------------------------------------
     0 | D:1      | Adamkad1 the Naga Fighter began the quest for the Orb.
     0 | D:1      | Reached XP level 1. HP: 21/21 MP: 1/1
   144 | D:1      | Reached XP level 2. HP: 28/28 MP: 2/2
   430 | D:1      | Reached XP level 3. HP: 34/34 MP: 3/3
   849 | D:2      | Noticed Crazy Yiuf
   859 | D:2      | Killed Crazy Yiuf
   859 | D:2      | Reached XP level 4. HP: 20/43 MP: 4/4
  1566 | D:2      | Reached XP level 5. HP: 48/50 MP: 5/5
  1588 | D:2      | HP: 2/50 [gnoll/spear (8)]
  1968 | D:3      | Reached skill level 1 in Dodging
  2395 | D:4      | Reached skill level 4 in Fighting
  2612 | D:4      | Found Tytyotan's Book Shoppe.
  2736 | D:4      | Noticed a phantom
  2743 | D:4      | Reached XP level 6. HP: 57/57 MP: 6/6
  2921 | D:4      | Slain by a phantom

Vault maps used:
D:1:      dpeg_arrival_three_same_balls, minmay_strange_pillars
D:2:      dk_noncrumbling_4, kennysheep_generic_room_10, uniq_crazy_yiuf_cottage
D:4:      grunt_qazlal_sundering, serial_shops, nicolae_shop_stone, first_bread

Action                   |  1- 3 |  4- 6 || total
-------------------------+-------+-------++-------
Melee: War axe           |    95 |   194 ||   289
 Abil: Spit Poison       |       |     3 ||     3
Evoke: Wand              |       |     2 ||     2
  Use: Scroll            |       |     9 ||     9
       Potion            |       |     6 ||     6
  Eat: Chunk             |       |     3 ||     3
       Bread ration      |       |     1 ||     1
